 Dungeon Crawl Stone Soup version 0.30.0-20-g3615ddf2f0 (webtiles) character file.

Game seed: 15755776290995901790

331 qw the Shield-Bearer (level 6, -2/37 HPs)
             Began as a Gargoyle Fighter on May 28, 2023.
             Was an Initiate of Okawaru.
             Slain by Pikel
             ... wielding a +2 whip of electrocution
              (4 damage)
             ... on level 4 of the Dungeon.
             The game lasted 00:01:19 (2840 turns).

qw the Shield-Bearer (Gargoyle Fighter)             Turns: 2840, Time: 00:01:20

Health: -2/37      AC: 21    Str: 22    XL:     6   Next: 51%
Magic:  6/6        EV:  5    Int:  8    God:    Okawaru [......]
Gold:   42         SH: 12    Dex:  9    Spells: 5/5 levels left

rFire   + + .        Y - +0 war axe
rCold   . . .        s - +0 tower shield
rNeg    + . .        o - +0 chain mail
rPois   inf          f - +0 helmet
rElec   +            m - +0 cloak
rCorr   .            (no gloves)
SInv    .            b - +0 pair of boots {rF+}
Will    .....        (no amulet) Stlth
                     j - +4 ring of protection
HPRegen 0.26/turn    g - ring of protection from fire
MPRegen 0.10/turn

%: no passive effects
@: about to teleport
A: sickness immunity, AC +4, negative energy resistance 1, electricity
resistance, torment resistance 1, petrification resistance
a: Renounce Religion


You were on level 4 of the Dungeon.
You worshipped Okawaru.
Okawaru was noncommittal.
You visited 1 branch of the dungeon, and saw 4 of its levels.

You collected 157 gold pieces.
You spent 115 gold pieces at shops.


Innate Abilities, Weirdness & Mutations

You are immune to sickness and miasma.
Your stone body is resilient. (AC +4)
You are immune to poison.
You resist negative energy. (rN+)
You are resistant to electric shocks. (rElec)
You are resistant to unholy torment.
You are immune to petrification.


   Skills:
 - Level 3.2 Fighting
 - Level 4.6 Axes
 - Level 3.2 Armour
 + Level 5.7 Shields


You had 5 spell levels left.
You didn't know any spells.
Your spell library was empty.

Inventory:

Hand Weapons
 e - a +0 flail
 Y - a +0 war axe (weapon)
Armour
 b - a +0 pair of boots of fire resistance (worn)
 f - a +0 helmet (worn)
 m - a +0 cloak (worn)
 o - a +0 chain mail (worn)
 s - a +0 tower shield (worn)
Jewellery
 g - a ring of protection from fire (right hand)
 h - a ring of resist corrosion
 j - a +4 ring of protection (left hand)
 l - a ring of fire
 v - a +6 ring of intelligence
Scrolls
 a - 3 scrolls of identify
 u - a scroll of teleportation
Potions
 c - 2 potions of heal wounds {unknown}
 d - a potion of might
 i - 2 potions of curing
 k - a potion of flight {unknown}
 n - a potion of brilliance {unknown}
 p - a potion of mutation {unknown}
 q - a potion of ambrosia {unknown}
 r - a potion of degeneration {unknown}
 t - a potion of haste {unknown}

Dungeon Overview and Level Annotations

Branches:
Dungeon (4/15)
 Temple: D:4-7

Altars:
Cheibriados
Okawaru
The Shining One

Shops:
D:4 *

Annotations:
D:4 Pikel


Message History

You barely miss the lemure.
Pikel hits you with a +2 whip of electrocution!
The lemure closely misses you.
You hit Pikel but do no damage.
Pikel is heavily wounded.
You hit the lemure but do no damage.
Pikel hits you with a +2 whip of electrocution.
You block the lemure's attack.
Pikel says, "You'll make a fine lemure."
Pikel hits you but does no damage. The lemure hits you but does no damage.
You barely miss Pikel.
Pikel is heavily wounded.
You barely miss the lemure. You block Pikel's attack.
You block the lemure's attack.
You hit Pikel.
Pikel is heavily wounded.
You hit the lemure. You block Pikel's attack. The lemure hits you.
You block Pikel's attack. The lemure hits you but does no damage.
You closely miss Pikel.
Pikel is heavily wounded.
You miss the lemure. You block Pikel's attack. You block the lemure's attack.
You completely miss Pikel.
Pikel is heavily wounded.
You hit the lemure but do no damage. Pikel waves his whip at you.
Pikel hits you but does no damage. You block the lemure's attack.
Pikel hits you with a +2 whip of electrocution.
The lemure hits you but does no damage.
2839 ||| READING 2 scrolls of teleportation.
As you read the scroll of teleportation, it crumbles to dust.
You feel strangely unstable.
Pikel hits you with a +2 whip of electrocution.
You block the lemure's attack.
You hit Pikel.
Pikel is heavily wounded.
You barely miss the lemure.
Pikel hits you with a +2 whip of electrocution.
You die...

##.#.####.# ..... ##.##
#.# ##.# #.# #.### #
[#.# #.# #.... #.
#.##.###.#####.#.) ..
...............#..
#.#.##.##.###.........>
#..55K5...# #.###.#####
#@# #.# #.# #.# ####.#
#.#####
####.###....###......
####......(............#
#.......###.##########.#
#....>......... #.#
#.....<.###.##.. #.#
#.......# #.# ## #.#
#.......# #.# #.#


You could see Pikel and 3 lemures.

Vanquished Creatures
  Pargi (D:3)
  A lemure (D:4)
  A hound (D:4)
  Jessica (D:3)
  An iguana (D:4)
  Natasha (D:3)
  5 gnolls
  2 adders (D:2)
  A shadow imp (D:4)
  A worm (D:2)
  4 bats
  2 endoplasms
  5 giant cockroaches
  8 goblins
  4 hobgoblins
  4 kobolds
  4 quokkas
  3 ball pythons
  4 rats
53 creatures vanquished.

Notes
Turn   | Place    | Note
-------+----------+-------------------------------------------
     0 | D:1      | qw the Gargoyle Fighter began the quest for the Orb.
     0 | D:1      | Reached XP level 1. HP: 14/14 MP: 1/1
     0 | D:1      | 0 ||| qw: Version: 0.2-a-101-gf8a7cd0
     0 | D:1      | 0 ||| qw: Game counter: 273
     0 | D:1      | 0 ||| qw: Always use a shield: true
     0 | D:1      | 0 ||| qw: God list: Okawaru
     0 | D:1      | 0 ||| qw: Allow faded altars: false
     0 | D:1      | 0 ||| qw: Do Orc after D:15 true
     0 | D:1      | 0 ||| qw: Do second Lair branch before Depths: true
     0 | D:1      | 0 ||| qw: Lair rune preference: random
     0 | D:1      | 0 ||| qw: Plans: Normal, Zot:1-4, Slime:5, God:TSO, Crypt,
                  | Tomb, Pan, Hells, Abyss, Win
     0 | D:1      | 0 ||| PLANNING D:1-11
   155 | D:1      | Reached XP level 2. HP: 19/19 MP: 2/2
   320 | D:1      | 320 ||| Stepping ~*~*~tactically~*~*~ (hiding).
   321 | D:1      | 321 ||| Stepping ~*~*~tactically~*~*~ (hiding).
   396 | D:1      | 396 ||| Stepping ~*~*~tactically~*~*~ (stealth).
   401 | D:1      | Reached skill level 3 in Axes
   403 | D:1      | Reached XP level 3. HP: 23/23 MP: 3/3
   760 | D:1      | 760 ||| UPGRADING to +0 helmet.
   765 | D:1      | 765 ||| UPGRADING to +0 cloak.
   770 | D:1      | 770 ||| DROPPING amulet of faith.
   771 | D:1      | 771 ||| UPGRADING to +4 ring of protection.
   772 | D:1      | 772 ||| UPGRADING to ring of resist corrosion.
   773 | D:1      | 773 ||| READING scroll labelled VENTOL UXKEJO.
   774 | D:1      | 774 ||| READING scroll labelled COSKITHUPEIDU.
   888 | D:2      | 888 ||| DROPPING +0 whip.
   922 | D:2      | 922 ||| Stepping ~*~*~tactically~*~*~ (hiding).
   937 | D:2      | Reached XP level 4. HP: 21/28 MP: 4/4
  1005 | D:2      | Found a snail-covered altar of Cheibriados.
  1068 | D:2      | 1068 ||| Stepping ~*~*~tactically~*~*~ (stealth).
  1069 | D:2      | 1069 ||| Stepping ~*~*~tactically~*~*~ (stealth).
  1177 | D:2      | 1177 ||| Stepping ~*~*~tactically~*~*~ (hiding).
  1591 | D:2      | 1591 ||| UPGRADING to +0 chain mail.
  1601 | D:2      | 1601 ||| DROPPING +0 scale mail.
  1602 | D:2      | 1602 ||| UPGRADING to ring of protection from fire.
  1604 | D:2      | 1604 ||| READING scroll labelled WARUIR SIRIMUD.
  1605 | D:2      | 1605 ||| READING scroll labelled AGUIL FIYNOWI.
  1610 | D:2      | 1610 ||| READING scroll labelled NIV ATEATO.
  1611 | D:2      | 1611 ||| DRINKING 2 fuming yellow potions.
  1669 | D:3      | 1669 ||| UPGRADING to +2 kite shield.
  1679 | D:3      | 1679 ||| DROPPING +0 buckler.
  1724 | D:3      | Noticed Pargi
  1736 | D:3      | Killed Pargi
  1737 | D:3      | Reached skill level 4 in Shields
  1737 | D:3      | Reached XP level 5. HP: 25/32 MP: 5/5
  1822 | D:3      | Found a glowing golden altar of the Shining One.
  1899 | D:3      | Noticed Jessica
  1907 | D:3      | Killed Jessica
  1908 | D:3      | Reached skill level 5 in Shields
  1908 | D:3      | Reached XP level 6. HP: 37/37 MP: 6/6
  1960 | D:3      | Noticed Natasha
  1971 | D:3      | Killed Natasha
  2310 | D:3      | 2310 ||| UPGRADING to +0 tower shield.
  2320 | D:3      | 2320 ||| DROPPING +2 kite shield.
  2434 | D:4      | Found Wazaras's Fire Supplies.
  2447 | D:4      | 2447 ||| BUYING +0 pair of boots of fire resistance (115
                  | gold).
  2447 | D:4      | Bought a +0 pair of boots of fire resistance for 115 gold
                  | pieces
  2656 | D:4      | Found an iron altar of Okawaru.
  2657 | D:4      | 2657 ||| PLANNING OKAWARU WORSHIP
  2657 | D:4      | 2657 ||| Stepping ~*~*~tactically~*~*~ (stealth).
  2658 | D:4      | 2658 ||| UPGRADING to +0 pair of boots of fire resistance.
  2725 | D:4      | Became a worshipper of Warmaster Okawaru
  2725 | D:4      | 2725 ||| PLANNING D:1-11
  2821 | D:4      | Noticed Pikel
  2838 | D:4      | HP: 5/37 [Pikel/+2 whip of electrocution (5)]
  2839 | D:4      | 2839 ||| READING 2 scrolls of teleportation.
  2839 | D:4      | HP: 2/37 [Pikel/+2 whip of electrocution (4)]
  2840 | D:4      | Slain by Pikel

Levels and vault maps discovered:
D:1:      onia_arrival_mini_spirals, layout_loops_ring, minmay_hedge_maze,
          nicolae_grassy_gnolls
D:2:      layout_basic, basic_altar
D:3:      layout_loops_ring, tso_metal_star, chequers_avenue, corner_web_ring,
          dk_noncrumbling_4, uniq_natasha, uniq_jessica, uniq_pargi
D:4:      layout_loops_ring, nicolae_overflow_crystal_walls,
          nicolae_shop_fire_sale [nicolae_sub_dead_trees], item_on_display_a,
          uniq_pikel, uniq_ijyb

Skill      XL: |  1  2  3  4  5 |
---------------+----------------+-----
Axes           | 2 3 4 |  4.6
Shields        | 4 5 |  5.7
Fighting       | |  3.2
Armour         | |  3.2

Action                     |  1- 3 |  4- 6 || total
---------------------------+-------+-------++-------
  Melee: War axe           |    56 |   128 ||   184
    Use: Scroll            |     2 |     4 ||     6
         Potion            |       |     1 ||     1
 Armour: Scale mail        |    25 |    29 ||    54
         Chain mail        |       |    48 ||    48
  Dodge: Dodged            |    22 |    37 ||    59
  Block: Buckler           |     8 |     9 ||    17
         Kite shield       |       |    14 ||    14
         Tower shield      |       |    46 ||    46

Table legend:
 A = Non-vault XP
 B = Vault XP
 C = Vault XP percentage of total XP
 D = Non-vault monster count
 E = Vault monster count
 F = Vault count percentage of total count
                 A         B        C        D         E       F
            +---------+---------+-------+---------+---------+-------
      Total |     242 |     231 |  48.8 |      48 |       4 |   7.7
            +---------+---------+-------+---------+---------+-------
        D:1 |      22 |      14 |  38.9 |      13 |       1 |   7.1
        D:2 |     118 |       0 |   0.0 |      24 |       0 |   0.0
        D:3 |       6 |     217 |  97.3 |       4 |       3 |  42.9
        D:4 |      96 |       0 |   0.0 |       7 |       0 |   0.0
            +---------+---------+-------+---------+---------+-------
